 Dungeon Crawl Stone Soup version 0.28-a0-909-g796cbd3a86 (webtiles) character file.

Game seed: 3044426762669830884

1646917 AarnesTheHuman the Slayer (level 27, 196/196 HPs)
             Began as a Gargoyle Earth Elementalist on Nov 9, 2021.
             Was the Champion of the Shining One.
             Escaped with the Orb
             ... and 4 runes on Nov 24, 2021!
             The game lasted 08:25:21 (150374 turns).

AarnesTheHuman the Slayer (GrEE)                  Turns: 150374, Time: 08:25:21

Health: 196/196    AC: 55    Str: 25    XL:     27
Magic:  53/53      EV: 14    Int: 27    God:    the Shining One [******]
Gold:   3257       SH: 23    Dex: 15    Spells: 18/68 levels left

rFire   + + .      SeeInvis .   b - +9 trishula (holy)
rCold   + + .      Faith    .   P - +5 kite shield {rC+}
rNeg    + + +      Spirit   .   n - +8 chain mail {Will+}
rPois   ∞          Reflect  +   (helmet restricted)
rElec   +          Harm     .   Q - +2 cloak {Will+}
rCorr   +          Rampage  +   C - +2 pair of gloves of New Discoveries {Rampage rCorr Str+3 Int+5}
Will    +++++                   J - +1 pair of boots of Contentment {Str+5}
Stlth   ..........              i - amulet "Adaohawk" {Reflect rCorr Str-2 Dex+5 SH+5}
HPRegen 0.42/turn               B - ring of protection from fire
MPRegen 0.33/turn               A - ring of Qulikokk {rF+ Will+}

@: flying, glowing, studying Staves
A: sickness immunity, AC +20, big wings, negative energy resistance 1,
electricity resistance, torment resistance 1, petrification resistance, claws 1,
horns 2, cold resistance 1, high mp 1, inhibited regeneration, no potion heal 1
0: Orb of Zot
}: 4/15 runes: decaying, serpentine, slimy, silver
a: Renounce Religion, Divine Shield, Cleansing Flame, Summon Divine Warrior


You escaped.
You worshipped the Shining One.
The Shining One was exalted by your worship.
You visited 13 branches of the dungeon, and saw 58 of its levels.
You visited the Abyss 1 time.
You visited 1 bazaar.
You also visited: Sewer, Gauntlet, Ice Cave and Desolation.

You collected 10670 gold pieces.
You spent 7413 gold pieces at shops.

Inventory:

Hand Weapons
 a - the +7 trident of Infinity {speed, rPois rC- SInv}
   (You bought it in a shop on level 6 of the Dungeon)

   Attacks with this weapon are significantly faster.
   rC:        It makes you vulnerable to cold.
   rPois:     It protects you from poison.
   SInv:      It lets you see invisible.
 b - a +9 trishula of holy wrath (weapon)
 Z - the +3 Elemental Staff {rElec rF++ rC++ AC+5}
   (You found it on level 5 of the Vaults)

   If the wielder is skilled in Evocations, they can discharge powerful blasts
   of elemental energy when striking with it.
   It enhances your fire, ice, earth and air magic.
   AC:        It affects your AC (+5).
   rF:        It greatly protects you from fire.
   rC:        It greatly protects you from cold.
   rElec:     It insulates you from electricity.
Missiles
 c - 1722 stones
 h - 127 poisoned darts (quivered)
 M - 24 atropa-tipped darts
Armour
 m - the -2 helmet of the Endless Expanse {rC+}
   (You found it in the Desolation of Salt)

   rC:        It protects you from cold.
 n - a +8 chain mail of willpower (worn)
 C - the +2 pair of gloves of New Discoveries (worn) {Rampage rCorr Str+3 Int+5}
   (You bought it in a shop on level 6 of the Dungeon)

   Str:       It affects your strength (+3).
   Int:       It affects your intelligence (+5).
   rCorr:     It protects you from acid and corrosion.
   Rampage:   It bestows one free step when moving towards enemies.
 J - the +1 pair of boots of Contentment (worn) {Str+5}
   (You found it on level 1 of the Snake Pit)

   Str:       It affects your strength (+5).
 P - a +5 kite shield of cold resistance (worn)
 Q - a +2 cloak of willpower (worn)
Jewellery
 g - the ring of Folurgh {+Blink rCorr Int+6}
   (You took it off a vault sentinel on level 4 of the Vaults)

   [ring of resist corrosion]

   Int:       It affects your intelligence (+6).
   +Blink:    It lets you blink.
   rCorr:     It protects you from acid and corrosion.
 i - the amulet "Adaohawk" (around neck) {Reflect rCorr Str-2 Dex+5 SH+5}
   (You took it off an ironbound preserver on level 5 of the Vaults)

   [amulet of reflection]

   It reflects blocked missile attacks.
   Str:       It affects your strength (-2).
   Dex:       It affects your dexterity (+5).
   rCorr:     It protects you from acid and corrosion.
   SH:        It affects your SH (+5).
 x - the ring "Zuxupt" {rPois rCorr Int+4 Dex+3 Slay+3}
   (You bought it in a shop on level 1 of the Elven Halls)

   [ring of resist corrosion]

   Int:       It affects your intelligence (+4).
   Dex:       It affects your dexterity (+3).
   Slay:      It affects your accuracy & damage with ranged weapons and melee
   (+3).
   rPois:     It protects you from poison.
   rCorr:     It protects you from acid and corrosion.
 y - the ring "Sodich" {rN+ Will+ rCorr}
   (You found it on level 3 of the Crypt)

   [ring of positive energy]

   rN:        It protects you from negative energy.
   rCorr:     It protects you from acid and corrosion.
   Will:      It increases your willpower.
 A - the ring of Qulikokk (right hand) {rF+ Will+}
   (You took it off an orc warrior on level 2 of the Depths)

   [ring of willpower]

   rF:        It protects you from fire.
   Will:      It increases your willpower.
 B - a ring of protection from fire (left hand)
 H - the ring of Omitus {rC+ Str+2 Int+6}
   (You found it in the Desolation of Salt)

   [ring of intelligence]

   Str:       It affects your strength (+2).
   Int:       It affects your intelligence (+6).
   rC:        It protects you from cold.
Wands
 l - a wand of flame (31)
 o - a wand of charming (8)
 K - a wand of digging (7)
 S - a wand of acid (45)
 V - a wand of iceblast (129)
Scrolls
 j - 12 scrolls of blinking
 k - 22 scrolls of teleportation
 t - a scroll of identify
 v - a scroll of holy word
 E - 11 scrolls of fear
 I - 7 scrolls of magic mapping
 L - a scroll of amnesia
 T - 5 scrolls of silence
 U - 6 scrolls of fog
 X - 3 scrolls of summoning
Potions
 d - 21 potions of curing
 e - 12 potions of brilliance
 f - 13 potions of haste
 p - 6 potions of ambrosia
 r - 11 potions of lignification
 s - 15 potions of heal wounds
 u - 4 potions of berserk rage
 w - 9 potions of magic
 z - 2 potions of cancellation
 F - 5 potions of might
 O - 2 potions of mutation
 R - 5 potions of attraction
 Y - 3 potions of resistance
Miscellaneous
 q - a phantom mirror


   Skills:
 + Level 26.5 Fighting
 - Level 14.0 Polearms
 + Level 22.3 Armour
 - Level 10.0 Dodging
 - Level 2.1 Stealth
 - Level 15.0 Shields
 + Level 21.4 Spellcasting
 + Level 20.6 Conjurations
 - Level 0.7 Transmutations
 - Level 4.0 Ice Magic
 - Level 2.5 Air Magic
 + Level 23.1 Earth Magic
 - Level 6.5 Poison Magic
 - Level 17.5 Invocations


You had 18 spell levels left.
You knew the following spells:

 Your Spells              Type           Power      Damage    Failure   Level
a - Sandblast             Erth           100%       2d20      0%          1
b - Stone Arrow           Conj/Erth      100%       3d13      0%          3
c - Passwall              Tmut/Erth      62%        N/A       1%          2
d - Mephitic Cloud        Conj/Pois/Air  70%        N/A       1%          3
e - Lee's Rapid Deconstr  Erth           50%        3d25*     0%          5
f - Iron Shot             Conj/Erth      49%        9d9       1%          6
g - Leda's Liquefaction   Hex/Erth       37%        N/A       1%          4
h - Shock                 Conj/Air       100%       1d9       1%          1
i - Poisonous Vapours     Pois/Air       100%       N/A       1%          2
j - Animate Armour        Summ/Erth      100%       N/A       1%          4
k - Olgreb's Toxic Radia  Pois           59%        N/A       2%          4
l - Hailstorm             Conj/Ice       76%        3d16      1%          4
m - Frozen Ramparts       Ice            100%       1d12      2%          3
n - Lehudib's Crystal Sp  Conj/Erth      49%        10d12     3%          8

Your spell library contained the following spells:

 Spells                   Type           Power      Damage    Failure   Level
 Foxfire                  Conj/Fire      100%       2x1d9     1%          1
 Freeze                   Ice            100%       1d11      1%          1
 Sting                    Tmut/Pois      100%       1d8       1%          1
 Conjure Flame            Conj/Fire      71%        6-21      1%          3
 Flame Wave               Conj/Fire      71%        3d12      1%          4
 Petrify                  Tmut/Erth      75%        N/A       1%          4
 Fireball                 Conj/Fire      35%        3d15      1%          5
 Irradiate                Conj/Tmut      36%        3d26      1%          5
 Iskenderun's Battlesphe  Conj           96%        2d14      1%          5
 Lightning Bolt           Conj/Air       37%        1d55      1%          5
 Orb of Destruction       Conj           48%        9d15      1%          7
 Ensorcelled Hibernation  Hex/Ice        78%        N/A       2%          2
 Ozocubu's Armour         Ice            50%        N/A       2%          3
 Spider Form              Tmut/Pois      48%        N/A       2%          3
 Freezing Cloud           Conj/Ice/Air   33%        6-21      2%          5
 Animate Skeleton         Necr           56%        N/A       3%          1
 Apportation              Tloc           56%        N/A       3%          1
 Pain                     Necr           100%       1d9       3%          1
 Slow                     Hex            100%       N/A       3%          1
 Summon Small Mammal      Summ           100%       N/A       3%          1
 Corpse Rot               Necr/Air       70%        N/A       3%          2
 Wereblood                Tmut           32%        N/A       4%          2
 Ignite Poison            Fire/Tmut/Pois 41%        N/A       4%          3
 Swiftness                Air            42%        N/A       4%          3
 Blink                    Tloc           56%        N/A       5%          2
 Call Imp                 Summ           28%        N/A       5%          2
 Scorch                   Fire           56%        2d8       5%          2
 Call Canine Familiar     Summ           28%        N/A       11%         3
 Confusing Touch          Hex            28%        N/A       11%         3
 Gell's Gravitas          Tloc           28%        N/A       11%         3
 Inner Flame              Hex/Fire       28%        N/A       11%         3
 Lesser Beckoning         Tloc           28%        N/A       11%         3
 Portal Projectile        Hex/Tloc       56%        N/A       11%         3
 Summon Guardian Golem    Hex/Summ       28%        N/A       11%         3
 Teleport Other           Tloc           28%        N/A       11%         3
 Vampiric Draining        Necr           28%        2d8       11%         3
 Airstrike                Air            21%        N/A       13%         4
 Summon Lightning Spire   Summ/Air       35%        N/A       22%         4
 Alistair's Intoxication  Tmut/Pois      32%        N/A       24%         5
 Shatter                  Erth           50%        3d38*     28%         9
 Cause Fear               Hex            14%        N/A       36%         4
 Dispel Undead            Necr           28%        3d13      36%         4
 Metabolic Englaciation   Hex/Ice        19%        N/A       41%         5
 Spellforged Servitor     Conj/Summ      35%        N/A       43%         7
 Silence                  Hex/Air        17%        N/A       52%         5
 Blade Hands              Tmut           16%        N/A       61%         5
 Agony                    Necr           28%        N/A       71%         5
 Excruciating Wounds      Necr           14%        N/A       71%         5
 Manifold Assault         Tloc           28%        N/A       71%         5
 Summon Forest            Summ/Tloc      14%        N/A       71%         5
 Eringya's Noxious Bog    Tmut/Pois      24%        N/A       78%         6
 Simulacrum               Ice/Necr       19%        N/A       94%         6
 Death Channel            Necr           14%        N/A       99%         6
 Dispersal                Tloc           14%        N/A       99%         6
 Summon Cactus Giant      Summ           14%        N/A       99%         6
 Ozocubu's Refrigeration  Ice            25%        4d10      99%         7
 Malign Gateway           Summ/Tloc      14%        N/A       100%        7
 Storm Form               Tmut/Air       18%        N/A       100%        7
 Summon Hydra             Summ           14%        N/A       100%        7
 Borgnjor's Revivificati  Necr           14%        N/A       100%        8
 Disjunction              Tloc           14%        N/A       100%        8
 Necromutation            Tmut/Necr      15%        N/A       100%        8
 Summon Horrible Things   Summ           14%        N/A       100%        8
 Chain Lightning          Conj/Air       37%        3d49      100%        9
 Death's Door             Necr           14%        N/A       100%        9
 Fire Storm               Conj/Fire      35%        8d9       100%        9
 Polar Vortex             Ice            25%        N/A       100%        9
 Statue Form              Tmut/Erth      Unusable   N/A       N/A         6
 Sublimation of Blood     Necr           Unusable   N/A       N/A         2

Dungeon Overview and Level Annotations

Branches:
Dungeon (15/15)            Temple (1/1) D:7            Lair (6/6) D:10
  Swamp (4/4) Lair:2        Snake (4/4) Lair:4        Slime (5/5) Lair:5
    Orc (2/2) D:12            Elf (3/3) Orc:2        Vaults (5/5) D:14
  Crypt (3/3) Vaults:2       Tomb (0/3) Crypt:3      Depths (4/4) D:15
   Hell (visited)             Dis (0/7) Hell            Geh (0/7) Hell
    Coc (0/7) Hell            Tar (0/7) Hell            Zot (5/5) Depths:4
  Sewer (visited)           IceCv (visited)         Desolation (visited)
Gauntlet (visited)

Altars:
Ashenzari
Cheibriados
Dithmenos
Elyvilon
Fedhas
Gozag
Hepliaklqana
Kikubaaqudgha
Makhleb
Nemelex Xobeh
Okawaru
Qazlal
Ru
Sif Muna
Trog
Uskayaw
Vehumet
Wu Jian
Xom
Yredelemnul
Zin
The Shining One
Beogh
Jiyva
Lugonu

Shops:
D:6 :[*(!   Orc:2 *:(?   Elf:1 :=:   Elf:2 *   Elf:3 *   Snake:2 *[
Vaults:1 :   Vaults:4 (!:*   Vaults:5 !   Depths:1 :[!:[

Portals:
Hell: Depths:1 Depths:2 Depths:3 Depths:4
Abyss: Lair:6 Depths:3
Pandemonium: Depths:2
Ziggurat: Depths:3

Annotations:
D:5 exclusions: ice beast and shadow
D:7 1 runed translucent door, exclusion: door, Crazy Yiuf
D:11 3 runed translucent doors, exclusion: 3 doors, kuniqs's ghost, journeyman PaFi
D:14 Roxanne
Lair:2 1 runed translucent door, exclusion: door, Xoucvac's ghost, journeyman MiFi
Lair:5 2 transporters, Berchol's ghost, journeyman DgCj
Swamp:1 exclusion: downstairs
Swamp:3 exclusion: 2 downstairs
Vaults:4 exclusion: downstairs
Crypt:3 exclusion: downstairs
Depths:3 exclusion: 4 downstairs


Innate Abilities, Weirdness & Mutations

You are immune to sickness and miasma.
Your stone body is resilient. (AC +20)
You are immune to poison.
Your large and strong wings let you fly.
You resist negative energy. (rN+)
You are resistant to electric shocks. (rElec)
You are resistant to unholy torment.
You are immune to petrification.
You have sharp fingernails.
You have a pair of horns on your head.
Your flesh is cold resistant. (rC+)
You have an increased reservoir of magic. (+10% MP)
You do not regenerate when monsters are visible.
Potions are less effective at restoring your health.


Message History

You resist with almost no effort. The golden eye blinks at you.
You resist with almost no effort. The golden eye blinks at you.
You resist with almost no effort. The golden eye blinks at you.
You resist with almost no effort. The golden eye blinks at you.
You resist with almost no effort. The golden eye blinks at you.
You resist with almost no effort. The golden eye blinks at you.
You resist with almost no effort. The golden eye blinks at you.
You resist with almost no effort.
The golden eye blinks!
The golden eye turns its gaze towards you.
The golden eye blinks at you. You resist with almost no effort.
The golden eye blinks!
The golden eye blinks!
You closely miss the golden eye. You headbutt the golden eye!
The golden eye is heavily wounded.
The golden eye blinks!
You puncture the golden eye!
You kill the golden eye!
The golden eye turns its gaze towards you.
The golden eye blinks at you. You resist with almost no effort.
The golden eye blinks! x2
There is an escape hatch in the ceiling here.
A mysterious force pulls you upwards. The hatch slams shut behind you.
(D) Dungeon (T) Temple (L) Lair (S) Swamp (P) Snake Pit (M) Slime Pits (O) Orcish Mines (E) Elven Halls (V) Vaults (C) Crypt (W) Tomb (U) Depths (H) Hell (I) Dis (G) Gehenna (X) Cocytus (Y) Tartarus (Z) Zot
Where to? (Enter - D:1, ? - help) You're already here!
Magic restored.
There is a staircase leading out of the dungeon here.
You have escaped!

######.........#
#####.....#####.#
#...#.....#...#.#
##.8.#.....#.8.#.######
##...#.....#...#.(....##
######.....#####.......##
#.......................#
##.......................#
#........@...............#
#.........................
#...................>.....
#.#####.....#####[........
#.#...#.....#...#.........
#.#.8.#.....#.8.#.........
#.#...#.....#...#.........
#.#####.....#####.........
#..).......######.........


There were no monsters in sight!

Vanquished Creatures
  the Royal Jelly (Slime:5)
  4 dread liches
  6 ancient liches
  Mara (Swamp:3)
  4 orbs of fire
  5 juggernauts
  The ghost of PigKeeper the Worldbinder, a legendary TeSu of Sif Muna (Zot:4)
  Sojobo (Depths:3)
  the Lernaean hydra (Swamp:4)
  6 Killer Klowns (Zot:5)
  3 curse toes
  Geryon (Hell)
  A caustic shrike (Depths:2)
  Saint Roka (Depths:2)
  12 golden dragons
  the Enchantress (Depths:2)
  Jory (Depths:3)
  2 bone dragons
  3 electric golems
  A hellephant (Abyss:3)
  16 tentacled monstrosities
  A walking earthen tome (Depths:2)
  Jorgrun (Snake:1)
  27 Orb Guardians
  5 liches
  2 walking crystal tomes
  2 deep elf master archers (Elf:3)
  4 deep elf blademasters
  11 titans
  A walking divine tome (Depths:3)
  A walking frostbound tome (Depths:3)
  9 quicksilver dragons
  Kirke (Swamp:4)
  12 acid blobs
  The ghost of Rabou the Impregnable, an adept MiBe of Trog (Swamp:4)
  9 tentacled starspawn
  5 sphinxes
  3 death cobs
  2 ancient champions
  14 shadow dragons
  5 tengu reavers
  15 storm dragons
  A thorn hunter (Swamp:2)
  3 draconian monks
  8 nagarajas
  A fenstrider witch (Swamp:1)
  12 rockslimes
  2 revenants
  2 fire giants
  12 azure jellies
  6 draconian knights
  13 deep elf sorcerers
  7 draconian scorchers
  25 vault wardens
  2 balrugs
  2 iron dragons
  Aizul (Depths:2)
  10 frost giants
  2 imperial myrmidons (Desolation)
  3 ghost moths
  3 orc warlords
  Louise (Lair:2)
  2 draconian shifters (Zot:3)
  3 spriggan defenders
  2 deep elf elementalists (Elf:3)
  2 caustic shrike zombies
  7 draconian annihilators
  5 reapers
  2 caustic shrike skeletons
  11 quicksilver oozes
  17 ironbound preservers
  8 war gargoyles
  4 ghouls
  8 green draconians
  19 very ugly things
  12 deep elf demonologists
  6 deep elf annihilators (Elf:3)
  9 vampire knights
  15 stone giants
  8 black draconians
  14 yellow draconians
  Azrael (D:13)
  A lorocyproca (Depths:1)
  9 white draconians
  3 halazid warlocks (Desolation)
  8 dire elephants
  3 entropy weavers
  12 red draconians
  6 bunyips
  5 spark wasps
  8 purple draconians
  A minotaur (Gauntlet)
  3 blizzard demons
  8 eleionomae
  3 eidola (Crypt:2)
  An eleionoma (shapeshifter) (Depths:4)
  5 crystal guardians
  3 green deaths
  19 ettins
  2 merfolk javelineers (Depths:2)
  9 deep elf death magi
  5 jiangshi
  14 yaktaur captains
  5 fire dragons
  5 ragged hierophants (Desolation)
  6 deep elf high priests
  5 boulder beetles
  3 shambling mangroves (Swamp:2)
  Josephine (D:10)
  11 great orbs of eyes
  A salamander tyrant (Snake:4)
  6 rakshasas
  19 naga warriors
  24 hydras
  4 spriggan air magi
  13 peacekeepers
  2 quicksilver dragon skeletons
  37 vault guards
  Harold (D:7)
  8 ironbound thunderhulks
  3 servants of whispers (Desolation)
  12 ice dragons
  3 ogre magi
  A death knight (Crypt:1)
  A catoblepas (Lair:4)
  3 hell beasts
  5 anacondas
  10 ironbound frosthearts
  Erica (D:10)
  A juggernaut simulacrum (Abyss:4)
  2 ghost crabs
  14 centaur warriors
  12 two-headed ogres
  6 death yaks
  7 tengu warriors
  42 dancing weapons
  10 vampire magi
  10 deep troll earth magi
  10 deep troll shamans
  11 alligators
  9 naga sharpshooters
  14 thrashing horrors
  3 spriggan berserkers
  14 hell knights
  Sonja (D:12)
  Urug (Lair:4)
  12 hell hogs
  A shock serpent (shapeshifter) (Depths:4)
  A storm dragon zombie (Hell)
  2 shock serpents
  A fire crab (shapeshifter) (Vaults:4)
  A spectral spriggan (Swamp:4)
  4 sun demons (Hell)
  6 soul eaters
  3 sixfirhies (Abyss:3)
  12 deep elf knights
  10 iron trolls
  6 wretched stars
  5 salamander mystics
  20 skeletal warriors
  A golden dragon zombie (Crypt:3)
  A spark wasp zombie (Depths:2)
  3 spatial maelstroms
  A death drake (Abyss:1)
  10 glowing orange brains
  5 spriggan druids
  A bunyip zombie (Crypt:3)
  4 goliath frogs
  34 ironbound convokers
  A kraken simulacrum (Hell)
  7 bog bodies
  4 swamp dragons (Swamp:4)
  49 deep trolls
  10 phantasmal warriors
  2 flayed ghosts
  Pikel (D:6)
  2 fenstrider witch simulacra
  5 deep elf archers
  2 anaconda skeletons
  5 naga ritualists
  9 lindwurms
  12 wizards
  A lindwurm (shapeshifter) (Vaults:4)
  15 orc knights
  18 deep elf zephyrmancers
  32 deep elf pyromancers
  6 mana vipers
  14 necromancers
  A golden dragon skeleton (Depths:3)
  A shadow dragon zombie (Crypt:3)
  A harpy (D:13)
  An iron dragon zombie (Crypt:3)
  7 shining eyes
  A shadow dragon skeleton (Crypt:2)
  53 ugly things
  16 salamanders
  6 oklob plants
  3 cyclopes
  4 orc sorcerers
  6 will-o-the-wisps
  3 worldbinders
  6 manticores
  A spriggan zombie (Crypt:3)
  2 stone giant skeletons
  A water nymph (shapeshifter) (Vaults:5)
  4 rust devils
  A frost giant zombie (Crypt:2)
  3 elephants (Lair:4)
  3 ice statues
  22 vault sentinels
  3 human skeletons
  Maurice (D:8)
  An eye of devastation (shapeshifter) (Depths:3)
  14 smoke demons
  4 guardian serpents
  25 moths of wrath
  2 naga zombies (Crypt:3)
  9 cane toads
  34 black mambas
  Maggie (D:7)
  4 eyes of devastation
  A gargoyle (D:12)
  6 molten gargoyles
  15 naga magi
  A fire giant skeleton (Depths:2)
  A torpor snail (shapeshifter) (D:15)
  3 orange demons (Swamp:4)
  2 kobold demonologists
  A spriggan skeleton (Abyss:3)
  An alligator snapping turtle zombie (Crypt:1)
  Psyche (D:10)
  2 cane toads (shapeshifter)
  A sea snake zombie (Hell)
  53 yaktaurs
  10 rime drakes
  7 unseen horrors
  A komodo dragon (shapeshifter) (Depths:3)
  10 komodo dragons
  A demonic crawler (Abyss:3)
  A tormentor (Abyss:3)
  An efreet (Zot:4)
  An alligator snapping turtle skeleton (Crypt:3)
  7 freezing wraiths
  4 tengu conjurers
  2 human zombies
  3 sea snake skeletons (Hell)
  9 tyrant leeches
  11 trolls
  3 ancient zymes
  A yaktaur skeleton (Vaults:1)
  A queen bee (Gauntlet)
  A death drake zombie (Crypt:2)
  14 polar bears
  2 hellwings (Abyss:3)
  A hornet (shapeshifter) (Elf:2)
  A polar bear (shapeshifter) (Vaults:4)
  A bloated husk (Swamp:4)
  2 hydra zombies (Hell)
  A wolf spider simulacrum (D:15)
  2 harpy zombies
  13 hornets
  A fire dragon zombie (Crypt:3)
  A hydra skeleton (Crypt:3)
  A satyr zombie (Crypt:2)
  A harpy skeleton (Crypt:3)
  An iron dragon simulacrum (Depths:3)
  5 dream sheep (Lair:2)
  A dream sheep (shapeshifter) (Vaults:4)
  51 saltlings
  25 blink frogs
  A blink frog (shapeshifter) (Lair:6)
  14 raiju
  95 slime creatures
  20 large abominations
  A jumping spider zombie (Crypt:1)
  An ettin zombie (Vaults:1)
  16 spriggans
  An alligator skeleton (Hell)
  39 flying skulls
  4 air elementals
  A centaur simulacrum (Hell)
  9 water elementals
  3 vampires
  6 wraiths
  8 shadows
  2 tarantellas (shapeshifter)
  57 yaks
  A tarantella (Vaults:1)
  6 wyverns
  5 ynoxinuls
  2 redbacks
  2 fire bats (Lair:5)
  A fire dragon skeleton (Crypt:2)
  10 basilisks
  Sigmund (D:2)
  15 golden eyes
  26 fire elementals
  2 steam dragons
  24 vampire mosquitoes
  8 chaos spawn
  2 hogs (Swamp:4)
  12 swamp worms
  A catoblepas simulacrum (Hell)
  10 wargs
  A glowing shapeshifter zombie (Crypt:1)
  2 acid dragons
  49 nagas
  3 spatial vortices
  A merfolk zombie (Crypt:1)
  18 water moccasins
  10 hell hounds
  A cane toad zombie (Crypt:2)
  A floating eye (Zot:5)
  A hydra simulacrum (Swamp:4)
  2 water moccasins (shapeshifter)
  Duvessa (D:7)
  A water nymph skeleton (Crypt:2)
  A black bear (D:5)
  3 ice beasts
  5 swamp drakes (Swamp:2)
  16 starcursed masses
  A demonspawn skeleton (Crypt:1)
  A black bear (shapeshifter) (Lair:6)
  A sky beast (D:5)
  51 orc warriors
  17 wolves
  11 necrophages
  9 ogres
  16 centaurs
  3 lemures (D:6)
  6 kobold brigands
  25 small abominations
  10 bullfrogs
  2 gnoll sergeants
  5 earth elementals
  A komodo dragon zombie (Crypt:2)
  A wyvern zombie (D:7)
  Dowan (D:7)
  A wyvern skeleton (Crypt:1)
  17 killer bees
  A water moccasin skeleton (Crypt:1)
  4 electric eels
  2 wights (D:7)
  A howler monkey (D:6)
  4 centaur zombies
  A quasit (Abyss:3)
  2 bullfrog skeletons (D:6)
  A hound (D:5)
  A bullfrog zombie (D:7)
  A centaur skeleton (D:7)
  21 orc priests
  7 iguanas
  4 iron imps (Abyss:3)
  17 hell rats
  A scorpion zombie (Crypt:1)
  21 orc wizards
  A killer bee zombie (D:6)
  A hound zombie (D:5)
  3 howler monkey zombies
  Robin (D:3)
  12 gnolls
  5 adders
  7 river rats
  2 shadow imps (Abyss:3)
  15 white imps
  An ufetubus (Abyss:3)
  An adder skeleton (D:4)
  A worm (D:4)
  9 dart slugs
  109 orcs
  16 ball pythons
  6 bats
  6 endoplasms
  6 giant cockroaches
  13 goblins
  9 hobgoblins
  2 jackals (D:3)
  24 kobolds
  3 quokkas
  7 frilled lizards
  28 rats
  A river rat skeleton (Crypt:2)
  A briar patch (Swamp:2)
  A fire vortex (Zot:1)
  5 starspawn tentacles
  A tentacle (Hell)
2915 creatures vanquished.

Vanquished Creatures (collateral kills)
  A dread lich (Zot:5)
  A caustic shrike (Depths:1)
  A tentacled monstrosity (Depths:3)
  Frances (Swamp:2)
  Donald (Snake:1)
  3 very ugly things (Vaults:3)
  A white draconian (Depths:4)
  A fire dragon (Depths:4)
  4 naga warriors
  A hydra (Swamp:2)
  An ironbound convoker (Vaults:3)
  An ugly thing (Vaults:3)
  A salamander (Snake:1)
  2 slime creatures (Vaults:1)
  2 naga magi
  An elf zombie (Vaults:3)
  4 nagas
  A briar patch (Swamp:2)
28 creatures vanquished.

Vanquished Creatures (others)
  Asterion (Lair:4)
  A fire giant (Depths:3)
  A peacekeeper (Vaults:2)
  A large abomination (Zot:1)
  3 deep elf pyromancers
  A deep elf zephyrmancer (Elf:2)
  A smoke demon (Abyss:3)
  A bloated husk (Swamp:3)
  A spriggan (Swamp:3)
  A ynoxinul (Abyss:3)
  3 humans (Swamp:4)
  A small abomination (Abyss:3)
  An orc priest (Orc:1)
  An orc (Vaults:5)
  2 briar patches (Swamp:2)
  18 bushes (Abyss:3)
  26 foxfires
  27 fungi
  3 lurking horrors (Abyss:3)
  112 plants
  20 starspawn tentacles
  3 tentacles (Hell)
229 creatures vanquished.

Grand Total: 3172 creatures vanquished

Notes
Turn   | Place    | Note
-------+----------+-------------------------------------------
     0 | D:1      | AarnesTheHuman the Gargoyle Earth Elementalist began the
                  | quest for the Orb.
     0 | D:1      | Reached XP level 1. HP: 10/10 MP: 3/3
   248 | D:1      | Reached XP level 2. HP: 16/16 MP: 0/5
   675 | D:1      | Reached skill level 1 in Fighting
   675 | D:1      | Reached skill level 1 in Armour
   732 | D:1      | Found a faded altar of an unknown god.
   870 | D:2      | Reached XP level 3. HP: 15/20 MP: 2/6
  1046 | D:2      | Noticed Sigmund
  1460 | D:2      | Reached XP level 4. HP: 25/25 MP: 5/7
  1492 | D:2      | Learned a level 3 spell: Stone Arrow
  1495 | D:2      | Learned a level 2 spell: Passwall
  2028 | D:3      | Noticed Robin
  2501 | D:2      | Reached skill level 5 in Earth Magic
  2512 | D:3      | Killed Robin
  2513 | D:3      | Reached skill level 1 in Conjurations
  2513 | D:3      | Reached XP level 5. HP: 30/30 MP: 4/8
  2638 | D:4      | Identified a scroll of acquirement
  2723 | D:4      | Reached skill level 2 in Fighting
  2861 | D:4      | Identified the +0 robe of the Present {Harm *Corrode rN+}
  2904 | D:4      | Found a white marble altar of Elyvilon.
  3037 | D:4      | Reached XP level 6. HP: 35/35 MP: 10/10
  3162 | D:4      | Found a glowing drain.
  3171 | Sewer    | Entered a sewer
  3609 | Sewer    | Reached XP level 7. HP: 40/40 MP: 6/11
  4294 | D:5      | Entered Level 5 of the Dungeon
  4591 | D:5      | Reached skill level 3 in Fighting
  4591 | D:5      | Reached skill level 1 in Polearms
  5075 | D:5      | Reached XP level 8. HP: 46/46 MP: 11/13
  5400 | D:5      | Noticed a shadow
  5826 | D:6      | Found Yseumuapp's Book Shoppe.
  5829 | D:6      | Acquired 725 gold pieces
  6038 | D:6      | Reached skill level 5 in Conjurations
  6139 | D:6      | Found Xueprax's Armour Boutique.
  6155 | D:6      | Bought the +2 pair of gloves of New Discoveries {Rampage
                  | rCorr Str+3 Int+5} for 439 gold pieces
  6246 | D:6      | Found Onwoarch's Assorted Antiques.
  6271 | D:6      | Found Alaasenlu's Weapon Emporium.
  6287 | D:6      | Found a hide-covered altar of Uskayaw.
  6299 | D:6      | Reached skill level 4 in Fighting
  6601 | D:6      | Found Xong's Distillery.
  6872 | D:6      | Reached XP level 9. HP: 52/52 MP: 15/15
  7358 | D:7      | Noticed Pikel
  7467 | D:7      | Noticed a troll
  7672 | D:6      | Killed Pikel
  7776 | D:7      | Found a runed translucent door.
  7777 | D:7      | Noticed Crazy Yiuf
  7914 | D:7      | Reached skill level 5 in Armour
  8001 | D:7      | Killed a troll
  8002 | D:7      | Reached skill level 5 in Fighting
  8081 | D:7      | Reached XP level 10. HP: 37/59 MP: 11/17
  8342 | D:6      | Bought a pair of runed boots for 180 gold pieces
  8394 | D:7      | Reached skill level 5 in Spellcasting
  8424 | D:7      | Noticed a kobold demonologist
  8434 | D:7      | Killed a kobold demonologist
  8568 | D:7      | Reached skill level 10 in Earth Magic
  8626 | D:7      | Noticed a cyclops
  8722 | D:7      | Killed a cyclops
  8804 | D:7      | Found a radiant altar of Vehumet.
  8821 | D:7      | Noticed Maggie
  8828 | D:7      | Killed Maggie
  8833 | D:7      | Noticed Duvessa
  8857 | D:7      | Noticed Dowan
  8858 | D:7      | Killed Duvessa
  8877 | D:7      | Killed Dowan
  9103 | D:7      | Found a staircase to the Ecumenical Temple.
  9111 | Temple   | Entered the Ecumenical Temple
  9354 | Temple   | Became a worshipper of the Shining One
  9542 | D:7      | Reached skill level 6 in Fighting
 10101 | D:7      | Reached skill level 1 in Invocations
 10651 | D:8      | Noticed Maurice
 10657 | D:8      | Killed Maurice
 10658 | D:8      | Reached XP level 11. HP: 53/64 MP: 9/19
 10917 | D:8      | Noticed Harold
 10948 | D:7      | Killed Harold
 10980 | D:7      | Reached * piety under the Shining One
 12436 | D:9      | Reached skill level 5 in Polearms
 12757 | D:9      | Noticed a manticore
 12765 | D:9      | Killed a manticore
 13750 | D:9      | Reached skill level 7 in Fighting
 13899 | D:10     | Entered Level 10 of the Dungeon
 13952 | D:10     | Found a shimmering blue altar of Sif Muna.
 14015 | D:10     | Found a burning altar of Makhleb.
 14189 | D:10     | Found an opulent altar of Gozag.
 14234 | D:10     | Found a staircase to the Lair.
 14236 | D:10     | Noticed an oklob plant
 14236 | D:10     | Noticed an oklob plant
 14244 | D:10     | Killed an oklob plant
 14523 | D:10     | Reached ** piety under the Shining One
 14532 | D:10     | Reached XP level 12. HP: 64/72 MP: 12/21
 14777 | D:10     | Noticed a two-headed ogre
 14786 | D:10     | Killed a two-headed ogre
 14903 | D:10     | Noticed Psyche
 14912 | D:10     | Killed Psyche
 15058 | D:10     | Found a runed translucent door.
 15390 | D:10     | Noticed Josephine
 15401 | D:10     | Killed Josephine
 15404 | D:10     | Noticed Erica
 15465 | D:10     | Reached skill level 10 in Conjurations
 15527 | D:10     | Killed Erica
 15910 | D:10     | Reached skill level 5 in Invocations
 15970 | D:11     | Noticed a centaur warrior
 15985 | D:11     | Killed a centaur warrior
 15986 | D:11     | Reached skill level 8 in Fighting
 16216 | D:11     | Noticed a minotaur
 16216 | D:11     | Noticed kuniqs's ghost (journeyman PaFi)
 16219 | D:11     | Found a frozen archway.
 16258 | D:10     | Reached *** piety under the Shining One
 16314 | IceCv    | Entered an ice cave
 17014 | IceCv    | Reached skill level 1 in Shields
 17833 | IceCv    | Reached XP level 13. HP: 72/79 MP: 14/24
 18233 | IceCv    | Reached skill level 9 in Fighting
 18795 | D:6      | Bought the +7 trident of Infinity {speed, rPois rC- SInv}
                  | for 700 gold pieces
 19048 | Lair:1   | Entered Level 1 of the Lair of Beasts
 19112 | Lair:1   | Identified the +0 robe of Discretion {Fly rF+ Dex+4}
 20549 | Lair:2   | Found a staircase to the Swamp.
 20901 | Lair:2   | Reached **** piety under the Shining One
 21082 | Lair:2   | Found a runed translucent door.
 21086 | Lair:2   | Noticed Xoucvac's ghost (journeyman MiFi)
 21092 | Lair:2   | Identified the +5 trident of Bankruptcy {freeze, rElec rC-
                  | SInv}
 21170 | Lair:2   | Reached skill level 5 in Shields
 22022 | Lair:3   | Found a gate leading to a gauntlet.
 22390 | Gauntlet | Entered a Gauntlet
 22390 | Gauntlet | Found a transporter.
 22472 | Gauntlet | Found a transporter.
 22484 | Gauntlet | Found a runed translucent door.
 22490 | Gauntlet | Found a transporter.
 22507 | Gauntlet | Found a transporter.
 22522 | Gauntlet | Found a transporter.
 22533 | Gauntlet | Noticed a reaper
 22536 | Gauntlet | Found a transporter.
 22546 | Gauntlet | Found a transporter.
 22560 | Gauntlet | Found a transporter.
 22582 | Gauntlet | Found a transporter.
 22582 | Gauntlet | Found a transporter.
 22595 | Gauntlet | Found a transporter.
 22614 | Gauntlet | Found a transporter.
 22689 | Gauntlet | Found a transporter.
 22692 | Gauntlet | Found a transporter.
 23035 | Gauntlet | Gained mutation: Your large and strong wings let you fly.
                  | [Gargoyle growth]
 23035 | Gauntlet | Reached XP level 14. HP: 87/87 MP: 17/26
 23248 | Gauntlet | Identified the +5 long sword of Departure {vorpal, +Blink
                  | rF+ SInv}
 24445 | Lair:4   | Reached skill level 10 in Fighting
 24519 | Lair:4   | Found a staircase to the Snake Pit.
 24686 | Lair:4   | Reached ***** piety under the Shining One
 24951 | Lair:4   | Found the amulet of Vitality {Regen+ HP+15}
 25265 | Lair:4   | Noticed Urug
 25274 | Lair:4   | Killed Urug
 26022 | Lair:4   | Found a staircase to the Snake Pit.
 26696 | Snake:1  | Entered Level 1 of the Snake Pit
 26911 | Lair:5   | Noticed Berchol's ghost (journeyman DgCj)
 26991 | Lair:5   | Found a viscous altar of Jiyva.
 26992 | Lair:5   | Found a staircase to the Slime Pits.
 26997 | Lair:5   | Found a transporter.
 27010 | Lair:5   | Found a transporter.
 28052 | Slime:1  | Entered Level 1 of the Pits of Slime
 28052 | Slime:1  | Noticed an acid blob
 28062 | Lair:6   | Entered Level 6 of the Lair of Beasts
 28547 | Lair:6   | Reached XP level 15. HP: 78/93 MP: 16/28
 29794 | Lair:6   | Reached skill level 11 in Fighting
 29870 | Lair:6   | Reached skill level 5 in Dodging
 30239 | Lair:6   | Found a corrupted altar of Lugonu.
 30239 | Lair:6   | Found a one-way gate to the infinite horrors of the Abyss.
 30724 | Lair:6   | Reached skill level 10 in Shields
 31154 | D:6      | Learned a level 3 spell: Mephitic Cloud
 31485 | D:11     | Found a runed translucent gate.
 31486 | D:11     | Found a runed translucent gate.
 31487 | D:11     | Found a runed translucent gate.
 32347 | D:12     | Reached ****** piety under the Shining One
 32354 | D:12     | Reached skill level 1 in Poison Magic
 32568 | D:12     | Found a staircase to the Orcish Mines.
 32613 | D:12     | Identified the +3 chain mail of Follow the Leader {Stlth+}
 32689 | D:12     | Reached skill level 10 in Spellcasting
 32789 | D:12     | Noticed Sonja
 32801 | D:12     | Killed Sonja
 34420 | D:13     | Noticed Azrael
 34452 | D:13     | Killed Azrael
 34706 | D:13     | Reached XP level 16. HP: 98/100 MP: 17/30
 35167 | Orc:1    | Entered Level 1 of the Orcish Mines
 35381 | Orc:2    | Entered Level 2 of the Orcish Mines
 36627 | Orc:2    | Found a staircase to the Elven Halls.
 36897 | Orc:2    | Found Hereik's Assorted Antiques.
 36897 | Orc:2    | Found Kakus's Book Emporium.
 37097 | Orc:2    | Found Ixzeaj's Magic Scroll Emporium.
 37097 | Orc:2    | Found Pioloit's Antique Weapon Boutique.
 37643 | Orc:2    | Bought a book of the Earth for 396 gold pieces
 37643 | Orc:2    | Bought a book of Iron for 396 gold pieces
 37649 | Orc:2    | Learned a level 5 spell: Lee's Rapid Deconstruction
 37656 | Orc:2    | Learned a level 6 spell: Iron Shot
 37827 | D:6      | Bought a manual of Fighting for 1040 gold pieces
 38294 | D:14     | Reached skill level 12 in Fighting
 38413 | D:14     | Found a gate to the Vaults.
 38780 | D:14     | Reached skill level 1 in Air Magic
 39188 | D:14     | Noticed Roxanne
 39468 | D:15     | Entered Level 15 of the Dungeon
 40182 | D:14     | Reached skill level 10 in Polearms
 41054 | Swamp:1  | Entered Level 1 of the Swamp
 41083 | Swamp:1  | Noticed Louise
 41115 | Lair:2   | Killed Louise
 41463 | Swamp:1  | Reached XP level 17. HP: 88/108 MP: 31/31
 42399 | Swamp:2  | Reached skill level 15 in Earth Magic
 42609 | Swamp:2  | Noticed Frances
 42629 | Swamp:2  | Killed Frances
 42887 | Swamp:2  | Reached skill level 13 in Fighting
 43041 | Swamp:1  | Reached skill level 5 in Poison Magic
 43406 | Swamp:2  | Paralysed by a fenstrider witch for 4 turns
 45448 | Swamp:2  | Reached XP level 18. HP: 114/114 MP: 33/33
 45449 | Swamp:2  | Reached XP level 19. HP: 119/119 MP: 34/34
 46007 | Swamp:2  | Reached skill level 15 in Shields
 47027 | Swamp:3  | Noticed Mara
 47039 | Swamp:3  | Noticed AarnesTheHuman's illusion
 47049 | Swamp:3  | Killed Mara
 47745 | Swamp:4  | Entered Level 4 of the Swamp
 48297 | Swamp:4  | Noticed Kirke
 48312 | Swamp:4  | Killed Kirke
 48446 | Swamp:4  | Reached skill level 14 in Fighting
 48651 | Swamp:4  | Found a transporter.
 48653 | Swamp:4  | Noticed Rabou's ghost (adept MiBe)
 48996 | Swamp:4  | Found a transporter.
 49620 | Swamp:4  | Reached XP level 20. HP: 115/128 MP: 29/35
 50257 | Swamp:4  | Noticed the 27-headed Lernaean hydra
 50436 | Swamp:3  | Upgraded the game from 0.28-a0-821-g923ab73998 to
                  | 0.28-a0-823-gb444dcf96d
 50707 | Orc:2    | Bought a scroll of blinking for 82 gold pieces
 50748 | Orc:2    | Bought a scroll of fog for 62 gold pieces
 50748 | Orc:2    | Bought a scroll of teleportation for 93 gold pieces
 50930 | Lair:4   | Reached skill level 10 in Invocations
 51176 | Snake:1  | Noticed Asterion
 51199 | Snake:1  | Noticed Donald
 51209 | Lair:4   | Killed Asterion
 51210 | Lair:4   | Reached skill level 10 in Armour
 51523 | Snake:1  | Killed Donald
 51554 | Snake:1  | Identified the +1 pair of boots of Contentment {Str+5}
 51774 | Lair:4   | Learned a level 4 spell: Leda's Liquefaction
 51812 | Snake:1  | Noticed Jorgrun
 51844 | Snake:1  | Killed Jorgrun
 52026 | Snake:1  | Identified the +0 quarterstaff "Qophudyhy" {vorpal, Fragile
                  | rF- Dex+7}
 52848 | Snake:1  | Reached skill level 15 in Fighting
 53126 | Snake:2  | Learned a level 1 spell: Shock
 53129 | Snake:2  | Learned a level 2 spell: Poisonous Vapours
 53310 | Snake:2  | Found Orphub's Assorted Antiques.
 53313 | Snake:2  | Found Ceugruts's Armour Boutique.
 53325 | Snake:2  | Bought a scroll of silence for 240 gold pieces
 53325 | Snake:2  | Bought a scroll of blinking for 240 gold pieces
 53325 | Snake:2  | Acquired 540 gold pieces
 53327 | Snake:2  | Bought a steaming spear for 256 gold pieces
 53327 | Snake:2  | Identified the +4 spear of Geofeos {vorpal, Dex+3} (You
                  | bought it in a shop on level 2 of the Snake Pit)
 54700 | Snake:3  | Identified the +2 leather armour of the Dolphin {rN+ Str+4}
 55254 | Snake:4  | Entered Level 4 of the Snake Pit
 55719 | Snake:4  | Learned a level 4 spell: Animate Armour
 57560 | Snake:4  | Reached XP level 21. HP: 136/136 MP: 30/37
 57705 | Snake:4  | Reached skill level 16 in Fighting
 58377 | Snake:4  | Got a serpentine rune of Zot
 59322 | D:15     | Found a staircase to the Depths.
 59503 | Vaults:1 | Entered Level 1 of the Vaults
 60919 | Vaults:1 | Found Fekhlamiy's Book Emporium.
 61682 | Lair:4   | Identified a +6 trishula of holy wrath (a +4 demon trident
                  | blessed by the Shining One)
 61682 | Lair:4   | Received a gift from the Shining One
 62022 | Vaults:1 | Reached skill level 17 in Fighting
 63747 | Vaults:2 | Reached XP level 22. HP: 130/145 MP: 39/39
 63897 | Vaults:2 | Found a staircase to the Crypt.
 63897 | Vaults:2 | Found a basalt altar of Yredelemnul.
 63898 | Vaults:2 | Found an ancient bone altar of Kikubaaqudgha.
 64728 | Vaults:2 | Reached skill level 18 in Fighting
 65650 | Vaults:2 | Upgraded the game from 0.28-a0-823-gb444dcf96d to
                  | 0.28-a0-834-g1a73be5ee4
 65996 | Swamp:4  | Killed the 27-headed Lernaean hydra
 66067 | Swamp:4  | Got a decaying rune of Zot
 66198 | Swamp:4  | Killed Rabou's ghost
 67091 | Vaults:3 | Found a crumbling gateway.
 67100 | Desolati | Entered the Desolation of Salt
 67761 | Desolati | Reached skill level 19 in Fighting
 68369 | Desolati | Reached skill level 15 in Conjurations
 68784 | Desolati | Got Xasof's Catalogue of the Vanishing Teeth
 68797 | Desolati | Got the Catalogue of Sinister Rites
 69164 | Desolati | Identified the ring "Awafyjie" {*Slow rPois rF+ rC+}
 69166 | Desolati | Identified the +0 plate armour of Orghuqo {*Corrode rF++
                  | rC- Int+8}
 69168 | Desolati | Identified the -2 helmet of the Endless Expanse {rC+}
 69287 | Desolati | Identified the +9 hand axe "Goblin's Regret" {drain, rF++
                  | Dex+3}
 69437 | Desolati | Identified the +11 hunting sling of the Depths {freeze,
                  | rElec rPois rF+++ Dex-4}
 69444 | Desolati | Got Vemiopaj's Tome of the Glacial Birds
 69452 | Desolati | Identified the ring of Omitus {rC+ Str+2 Int+6}
 69454 | Desolati | Acquired 642 gold pieces
 70254 | Vaults:3 | You are sucked into a shaft and drop 1 floor!
 70329 | Vaults:4 | Reached XP level 23. HP: 153/155 MP: 38/41
 70824 | Vaults:3 | Noticed a golden dragon
 70832 | Vaults:3 | Killed a golden dragon
 71682 | Vaults:4 | Found Qiulioc's Weapon Shop.
 73534 | Vaults:4 | Found Nearhug's Book Boutique.
 73601 | Vaults:4 | Found Ylyrgh's General Store.
 74216 | Vaults:4 | Found Sithix's Distillery.
 74223 | Vaults:4 | Bought a potion of heal wounds for 105 gold pieces
 74237 | Vaults:4 | Upgraded the game from 0.28-a0-834-g1a73be5ee4 to
                  | 0.28-a0-843-gb979743d38
 75002 | Depths:1 | Entered Level 1 of the Depths
 75025 | Depths:1 | Found Haqeskae's Book Emporium.
 75163 | D:15     | Reached skill level 20 in Fighting
 75527 | Depths:1 | Bought a Young Poisoner's Handbook for 220 gold pieces
 75532 | Depths:1 | Learned a level 4 spell: Olgreb's Toxic Radiance
 75547 | Depths:1 | Found a gateway to Hell.
 75867 | Depths:1 | Reached skill level 15 in Armour
 75911 | Depths:1 | Found an opulent altar of Gozag.
 75975 | Depths:1 | Found Puzoufir's Distillery.
 75985 | Depths:1 | Found Byewkoag's Armour Emporium.
 76271 | Depths:1 | Found Kaugev's Armour Emporium.
 76312 | Depths:1 | Found Uvahiasus's Book Shop.
 76902 | Depths:1 | Reached skill level 15 in Spellcasting
 77239 | Depths:1 | Noticed a caustic shrike
 77301 | Depths:1 | Killed a caustic shrike
 77453 | Depths:1 | Found a gateway to Hell.
 77534 | Depths:1 | Found Kaugev's Armour Emporium.
 77582 | Depths:1 | Found Byewkoag's Armour Emporium.
 77583 | Depths:1 | Found Puzoufir's Distillery.
 77595 | Depths:1 | Found Uvahiasus's Book Shop.
 77607 | Depths:1 | Found an opulent altar of Gozag.
 77681 | Depths:1 | Found Haqeskae's Book Emporium.
 78349 | Depths:2 | Reached XP level 24. HP: 151/163 MP: 29/42
 79001 | Depths:2 | Found a one-way gate leading to the halls of Pandemonium.
 80181 | Depths:2 | Noticed Saint Roka
 80396 | Depths:2 | Killed Saint Roka
 80520 | Depths:2 | Identified the ring of Qulikokk {rF+ Will+}
 80531 | Depths:2 | Noticed Aizul
 80551 | Depths:2 | Killed Aizul
 80786 | Depths:2 | Identified the +0 leather armour of Jeenol {*Slow +Inv
                  | Str+6}
 81054 | Depths:3 | Noticed the Enchantress
 81220 | Depths:2 | Killed the Enchantress
 81852 | Depths:3 | Found a huge runed gate.
 81852 | Depths:3 | Found a huge runed gate.
 81852 | Depths:3 | Found a huge runed gate.
 81852 | Depths:3 | Found a huge runed gate.
 81852 | Depths:3 | Found a huge runed gate.
 81854 | Depths:3 | Found a huge runed gate.
 81855 | Depths:3 | Found a huge runed gate.
 81855 | Depths:3 | Found a huge runed gate.
 81856 | Depths:3 | Found a huge runed gate.
 81858 | Depths:3 | Found a huge runed gate.
 81858 | Depths:3 | Found a huge runed gate.
 81858 | Depths:3 | Found a huge runed gate.
 81858 | Depths:3 | Found a huge runed gate.
 81858 | Depths:3 | Found a huge runed gate.
 81859 | Depths:3 | Found a huge runed gate.
 81871 | Depths:3 | Found a gateway to a ziggurat.
 81878 | Depths:3 | Found a huge runed gate.
 81878 | Depths:3 | Found a huge runed gate.
 81879 | Depths:3 | Found a huge runed gate.
 81880 | Depths:3 | Found a huge runed gate.
 81880 | Depths:3 | Found a huge runed gate.
 81881 | Depths:3 | Found a huge runed gate.
 81882 | Depths:3 | Found a huge runed gate.
 81883 | Depths:3 | Found a huge runed gate.
 81904 | Depths:3 | Found a huge runed gate.
 81904 | Depths:3 | Found a huge runed gate.
 81918 | Depths:3 | Found a huge runed gate.
 81926 | Depths:3 | Found a huge runed gate.
 81926 | Depths:3 | Found a huge runed gate.
 81926 | Depths:3 | Found a huge runed gate.
 81926 | Depths:3 | Found a huge runed gate.
 81926 | Depths:3 | Found a huge runed gate.
 81926 | Depths:3 | Found a huge runed gate.
 81927 | Depths:3 | Found a huge runed gate.
 81928 | Depths:3 | Found a huge runed gate.
 81929 | Depths:3 | Found a huge runed gate.
 81938 | Depths:3 | Found a huge runed gate.
 82199 | Depths:3 | Noticed Sojobo
 82204 | Depths:3 | Paralysed by an air elemental for 1 turns
 82208 | Depths:3 | Paralysed by an air elemental for 1 turns
 82209 | Depths:3 | Killed Sojobo
 83008 | Depths:3 | Noticed Jory
 83045 | Depths:3 | Killed Jory
 83177 | Depths:3 | Noticed a juggernaut
 83229 | Depths:2 | Killed a juggernaut
 83522 | Depths:3 | Found an ornate altar of the Wu Jian Council.
 83757 | Depths:3 | Identified the +1 robe of Hopscotch {Slay+5}
 83972 | Depths:3 | Noticed an ancient lich
 83972 | Depths:3 | Noticed a juggernaut
 83972 | Depths:3 | Noticed a caustic shrike
 83972 | Depths:3 | Noticed a juggernaut
 84006 | Depths:2 | Killed a caustic shrike
 84645 | Depths:3 | Killed an ancient lich
 84646 | Depths:3 | Reached skill level 15 in Invocations
 84682 | Depths:2 | Killed a juggernaut
 84788 | Depths:3 | Reached skill level 21 in Fighting
 84922 | Depths:3 | Killed a juggernaut
 84923 | Depths:3 | Reached XP level 25. HP: 138/171 MP: 41/42
 85591 | Depths:3 | Noticed a juggernaut
 85610 | Depths:3 | Killed a juggernaut
 85808 | Depths:3 | Found a gateway to a ziggurat.
 86146 | Depths:3 | Found an ornate altar of the Wu Jian Council.
 86598 | Depths:3 | Found a gateway to a ziggurat.
 86695 | Depths:3 | Found an ornate altar of the Wu Jian Council.
 87206 | Depths:4 | Entered Level 4 of the Depths
 87773 | Depths:4 | Noticed a juggernaut
 87795 | Depths:4 | Killed a juggernaut
 89173 | Depths:4 | Found a gate to the Realm of Zot.
 89966 | Depths:4 | Found a gate to the Realm of Zot.
 90420 | Crypt:1  | Entered Level 1 of the Crypt
 90546 | Vaults:5 | Entered Level 5 of the Vaults
 91950 | Vaults:5 | Noticed an ancient lich
 91954 | Vaults:5 | Killed an ancient lich
 92706 | Vaults:4 | Reached skill level 22 in Fighting
 92943 | Vaults:4 | Reached XP level 26. HP: 154/179 MP: 43/43
 93615 | Vaults:5 | Noticed a dread lich
 93616 | Vaults:5 | Identified the +5 fire dragon scales "Oreufoiv" {rPois rF++
                  | rC- rCorr Str-5 Dex+2}
 93752 | Vaults:4 | Found Qiulioc's Weapon Shop.
 94187 | Vaults:4 | Found Nearhug's Book Boutique.
 94322 | Vaults:4 | Found Ylyrgh's General Store.
 94822 | Vaults:4 | Found Nearhug's Book Boutique.
 94954 | Vaults:4 | Found Ylyrgh's General Store.
 95344 | Vaults:4 | Found Sithix's Distillery.
 95425 | Vaults:4 | Killed a dread lich
 95468 | Vaults:5 | Noticed a dread lich
 95504 | Vaults:4 | Killed a dread lich
 95761 | Vaults:5 | Noticed a dread lich
 95761 | Vaults:5 | Identified the ring of Folurgh {+Blink rCorr Int+6}
 96003 | Vaults:4 | Killed a dread lich
 96878 | Vaults:5 | Identified the +11 rapier "Beastslayer" {vorpal, +Blink
                  | Int+3 Dex+2}
 97933 | Vaults:5 | Identified the +10 dire flail of Innocence {antimagic,
                  | *Corrode rPois Str+2}
 97933 | Vaults:5 | Identified the amulet "Adaohawk" {Reflect rCorr Str-2 Dex+5
                  | SH+5}
 98997 | Vaults:5 | Found Leucvy's Distillery.
 99006 | Vaults:5 | Bought a potion of haste for 170 gold pieces
 99006 | Vaults:5 | Bought a potion of heal wounds for 85 gold pieces
 99006 | Vaults:5 | Bought 2 potions of might for 136 gold pieces
 99082 | Vaults:5 | Found the +3 Elemental Staff {rElec rF++ rC++ AC+5}
 99088 | Vaults:5 | Identified the +10 scale mail of the Hanged Man {Harm
                  | Dex+5}
 99100 | Vaults:5 | Got a silver rune of Zot
 99125 | Vaults:5 | Identified the +2 battleaxe of Compound Interest {flame,
                  | rPois rF+ Will+ Stlth+}
 99200 | Vaults:5 | Identified the +3 shortbow of Okawaru's Castigation {flame,
                  | +Blink rElec Dex-5 SInv}
 99599 | Zot:1    | Entered Level 1 of the Realm of Zot
100078 | Zot:1    | Identified the +3 tower shield "Tikkar" {rC+ Stlth+}
100541 | Depths:4 | Upgraded the game from 0.28-a0-843-gb979743d38 to
                  | 0.28-a0-852-gbbce81c95b
100757 | Elf:1    | Entered Level 1 of the Elven Halls
100806 | Elf:1    | Found a flickering gateway to a bazaar.
100834 | Bazaar   | Entered a bazaar
100834 | Bazaar   | Found Savib's Assorted Antiques.
100837 | Bazaar   | Found Wytil's Weapon Shop.
100846 | Bazaar   | Found Duil's Book Shop.
100874 | Bazaar   | Found Gentusm's Book Shop.
100894 | Bazaar   | Bought a book of Frost for 198 gold pieces
100899 | Bazaar   | Learned a level 4 spell: Hailstorm
100903 | Bazaar   | Learned a level 3 spell: Frozen Ramparts
100915 | Bazaar   | Bought a scroll of teleportation for 69 gold pieces
101011 | Elf:1    | Paralysed by an air elemental for 1 turns
101228 | Elf:1    | Reached skill level 1 in Ice Magic
101385 | Elf:1    | Got the Handbook of Summoning
101692 | Elf:1    | Reached skill level 23 in Fighting
101777 | Elf:1    | Found Vomih's Book Boutique.
101778 | Elf:1    | Found Nusatwus's Jewellery Emporium.
101779 | Elf:1    | Found Zeahobbaent's Book Boutique.
101795 | Elf:1    | Bought the ring "Zuxupt" {rPois rCorr Int+4 Dex+3 Slay+3}
                  | for 936 gold pieces
101973 | Elf:2    | Found Cuxkexzaap's Assorted Antiques.
102641 | Elf:2    | Found a runed translucent gate.
102642 | Elf:2    | Found a runed translucent gate.
102642 | Elf:2    | Found a runed translucent gate.
103062 | Elf:2    | Reached XP level 27. HP: 147/188 MP: 32/45
103608 | Elf:3    | Entered Level 3 of the Elven Halls
103613 | Elf:3    | Paralysed by an air elemental for 1 turns
103619 | Elf:2    | Paralysed by an air elemental for 1 turns
104042 | Elf:3    | Found Luiloir's Assorted Antiques.
105498 | Elf:3    | Identified the +4 hand axe "Danaw Upacu" {drain, rN+}
106073 | Elf:3    | Identified the amulet of Vuatooco {Faith Will- Dex+7}
106498 | Elf:3    | Identified the amulet of Eternal Night {Spirit *Slow Regen+
                  | Str+8 Int-3}
107038 | Elf:3    | Identified the +4 plate armour of Nowiyvag {rElec rPois
                  | Str+4 Int-4}
107114 | Elf:3    | Identified the +3 scale mail "Evyilaak" {rElec rF+}
107140 | Elf:3    | Identified the amulet "Aliengia" {RegenMP Str+4}
107142 | Elf:3    | Identified the +6 scale mail of the Merchant {*Corrode
                  | Str+8}
109400 | Zot:2    | Identified the ring of Dyuwiak {rPois SInv}
111410 | Zot:2    | Reached skill level 10 in Dodging
113377 | Zot:3    | Reached skill level 24 in Fighting
117178 | Zot:4    | Identified the +6 spear of the Valley {pain, rN+ Str-4
                  | Dex+6}
118199 | Zot:4    | Noticed an orb of fire
118207 | Zot:4    | Killed an orb of fire
119718 | Zot:5    | Entered Level 5 of the Realm of Zot
119935 | Zot:5    | Found a runed translucent gate.
119935 | Zot:5    | Found a runed translucent gate.
119936 | Zot:5    | Found a runed translucent gate.
119936 | Zot:5    | Noticed PigKeeper's ghost (legendary TeSu)
119941 | Zot:5    | Found a viscous altar of Jiyva.
120323 | Zot:5    | Paralysed by a floating eye for 2 turns
120714 | Zot:4    | Killed PigKeeper's ghost
121626 | Zot:5    | Identified the ring "Ros Kona" {Contam rC- rN++ rCorr
                  | Str+9}
121629 | Zot:5    | Identified the +1 quarterstaff "Fasch" {pain, rElec rC+
                  | Str-2 SInv}
121659 | Zot:5    | Found a viscous altar of Jiyva.
122062 | Zot:5    | Found a viscous altar of Jiyva.
124354 | Zot:5    | Noticed an ancient lich
124364 | Zot:5    | Killed an ancient lich
125101 | Zot:5    | Noticed an ancient lich
125128 | Zot:5    | Killed an ancient lich
126354 | Zot:5    | Noticed an orb of fire
127099 | Zot:5    | Gained mutation: Your body sometimes deteriorates upon
                  | taking damage. [an orb of fire]
127110 | Zot:5    | Killed an orb of fire
127641 | Zot:5    | Noticed an orb of fire
127671 | Zot:5    | Killed an orb of fire
128225 | Depths:1 | Bought a potion of heal wounds for 75 gold pieces
128225 | Depths:1 | Bought a potion of haste for 150 gold pieces
128225 | Depths:1 | Bought a potion of might for 60 gold pieces
128481 | Vaults:4 | Bought a potion of heal wounds for 105 gold pieces
128481 | Vaults:4 | Bought a potion of haste for 210 gold pieces
128837 | Elf:3    | Bought a potion of heal wounds for 190 gold pieces
129097 | D:6      | Bought a potion of haste for 240 gold pieces
129097 | D:6      | Bought a potion of heal wounds for 120 gold pieces
129161 | D:6      | Bought a potion of heal wounds for 55 gold pieces
129161 | D:6      | Bought a potion of haste for 110 gold pieces
129161 | D:6      | Bought a potion of heal wounds for 55 gold pieces
129739 | Zot:5    | Reached skill level 25 in Fighting
130033 | Zot:4    | Upgraded the game from 0.28-a0-852-gbbce81c95b to
                  | 0.28-a0-863-g8cecda6153
130171 | Zot:5    | Found a viscous altar of Jiyva.
131181 | Zot:5    | Found a viscous altar of Jiyva.
133428 | Zot:5    | Noticed an orb of fire
133429 | Zot:5    | Gained mutation: You sometimes lose the ability to read
                  | scrolls when taking damage. [an orb of fire]
133431 | Zot:5    | Noticed a dread lich
133431 | Zot:5    | Gained mutation: You are frail. (-10% HP) [an orb of fire]
133436 | Zot:5    | Noticed a dread lich
133441 | Zot:5    | Killed an orb of fire
133449 | Zot:5    | Killed a dread lich
133453 | Zot:5    | Killed a dread lich
133964 | Zot:5    | Found a viscous altar of Jiyva.
135595 | Snake:4  | Lost mutation: You are frail. (-10% HP) [potion of
                  | mutation]
135595 | Snake:4  | Lost mutation: Your body sometimes deteriorates upon taking
                  | damage. [potion of mutation]
135595 | Snake:4  | Gained mutation: Armour fits poorly on your strangely
                  | shaped body. [potion of mutation]
135595 | Snake:4  | Gained mutation: You are clumsy. (Dex -2) [potion of
                  | mutation]
135595 | Snake:4  | Gained mutation: You are dopey. (Int -2) [potion of
                  | mutation]
135595 | Snake:4  | Gained mutation: You possess an exceptional clarity of
                  | mind. [potion of mutation]
135596 | Snake:4  | Lost mutation: You are dopey. (Int -2) [potion of mutation]
135596 | Snake:4  | Lost mutation: You sometimes lose the ability to read
                  | scrolls when taking damage. [potion of mutation]
135596 | Snake:4  | Gained mutation: You have hidden genetic potential. [potion
                  | of mutation]
135596 | Snake:4  | Gained mutation: You are partially covered in iridescent
                  | scales. (AC +2) [potion of mutation]
135596 | Snake:4  | Gained mutation: You have a pair of small antennae on your
                  | head. [potion of mutation]
135947 | Crypt:1  | Learned a level 8 spell: Lehudib's Crystal Spear
137923 | Crypt:3  | Entered Level 3 of the Crypt
139030 | Crypt:3  | Found a staircase to the Tomb.
139148 | Crypt:3  | Found a basalt altar of Yredelemnul.
139148 | Crypt:3  | Noticed an ancient lich
139157 | Crypt:3  | Killed an ancient lich
139223 | Crypt:3  | Identified the ring "Asmoym" {*Corrode rC+++ rN+ Will-
                  | Str+9}
139223 | Crypt:3  | Identified the ring "Sodich" {rN+ Will+ rCorr}
140575 | Slime:4  | Gained mutation: You occasionally shout uncontrollably at
                  | your foes. [a shining eye]
140858 | Slime:5  | Entered Level 5 of the Pits of Slime
140876 | Slime:5  | Gained mutation: Your magical capacity is low. (-10% MP) [a
                  | shining eye]
140882 | Slime:5  | Gained mutation: You are weak. (Str -2) [a shining eye]
140988 | Slime:4  | Lost mutation: Your magical capacity is low. (-10% MP)
                  | [potion of mutation]
140988 | Slime:4  | Lost mutation: You have a pair of small antennae on your
                  | head. [potion of mutation]
140988 | Slime:4  | Gained mutation: Your mind is acute. (Int +2) [potion of
                  | mutation]
140988 | Slime:4  | Gained mutation: You have sharp toenails. [potion of
                  | mutation]
140988 | Slime:4  | Lost mutation: You are weak. (Str -2) [potion of mutation]
141022 | Slime:4  | Gained mutation: Potions are less effective at restoring
                  | your health. [a shining eye]
141037 | Slime:4  | Gained mutation: Your flesh is cold resistant. (rC+) [a
                  | shining eye]
141807 | Slime:5  | Found a viscous altar of Jiyva.
141807 | Slime:5  | Noticed the Royal Jelly
141841 | Slime:5  | Killed the Royal Jelly
142227 | Slime:4  | Gained mutation: You do not regenerate when monsters are
                  | visible. [a shining eye]
142233 | Slime:4  | Lost mutation: You have sharp toenails. [potion of
                  | mutation]
142233 | Slime:4  | Lost mutation: You possess an exceptional clarity of mind.
                  | [potion of mutation]
142233 | Slime:4  | Lost mutation: You occasionally shout uncontrollably at
                  | your foes. [potion of mutation]
142233 | Slime:4  | Gained mutation: You have sharp fingernails. [potion of
                  | mutation]
142234 | Slime:4  | Lost mutation: Armour fits poorly on your strangely shaped
                  | body. [potion of mutation]
142234 | Slime:4  | Lost mutation: You are clumsy. (Dex -2) [potion of
                  | mutation]
142682 | Slime:5  | Got the Catalogue of Igneous Dark Arts
142725 | Slime:5  | Got Raila's Collected Works on Igneous Curses
142760 | Slime:5  | Got the Almanac of Orientation and Envenoming
142797 | Slime:5  | Got a slimy rune of Zot
142820 | Slime:5  | Gained mutation: You tend to lose your temper in combat. [a
                  | shining eye]
142821 | Slime:5  | Gained mutation: You have a pair of small horns on your
                  | head. [a shining eye]
142827 | Slime:5  | Lost mutation: You have hidden genetic potential. [potion
                  | of mutation]
142827 | Slime:5  | Lost mutation: You are partially covered in iridescent
                  | scales. (AC +2) [potion of mutation]
142828 | Slime:5  | Lost mutation: Your mind is acute. (Int +2) [potion of
                  | mutation]
142828 | Slime:5  | Lost mutation: You tend to lose your temper in combat.
                  | [potion of mutation]
142828 | Slime:5  | Gained mutation: You have an increased reservoir of magic.
                  | (+10% MP) [potion of mutation]
142828 | Slime:5  | Gained mutation: You have a pair of horns on your head.
                  | [potion of mutation]
142852 | Slime:5  | Identified the +3 halberd "Cewned" {vorpal, Int+9 Stlth-}
142854 | Slime:5  | Identified the +9 mace "Kagg" {vorpal, rPois rN+++ Str-3
                  | Int-4}
142899 | Slime:5  | Identified the +1 scale mail "Plog" {rElec rPois rF++
                  | Str-5}
143135 | Lair:6   | Voluntarily entered the Abyss.
143389 | Abyss:2  | Found a corrupted altar of Lugonu.
143462 | Abyss:3  | Reached skill level 26 in Fighting
144179 | Abyss:3  | Paralysed by an air elemental for 1 turns
144474 | Abyss:3  | Noticed an ancient lich
144484 | Abyss:3  | Killed an ancient lich
144632 | Abyss:3  | Paralysed by accursed screaming for 1 turns
144639 | Abyss:3  | Paralysed by accursed screaming for 1 turns
145047 | Lair:6   | Escaped the Abyss
145333 | Hell     | Entered the Vestibule of Hell
145333 | Hell     | Noticed Geryon
145391 | Hell     | Killed Geryon
146816 | Hell     | Found a gateway to the decaying netherworld of Tartarus.
146921 | Hell     | Found a gateway to the Iron City of Dis.
147031 | Hell     | Found a gateway to the freezing wastes of Cocytus.
147330 | Hell     | Found a gateway to the ashen valley of Gehenna.
147351 | Hell     | Upgraded the game from 0.28-a0-863-g8cecda6153 to
                  | 0.28-a0-909-g796cbd3a86
148904 | D:2      | Killed Sigmund
149783 | Zot:5    | Got the Orb of Zot
149864 | Zot:4    | Noticed Gukkoruf the pandemonium lord
149944 | Zot:1    | Noticed Qukk the pandemonium lord
150082 | Depths:1 | Noticed a seraph
150374 | D:$      | Escaped with the Orb!

Illustrated notes

Levels and vault maps discovered:
D:1:      minmay_arrival_glassed_features, layout_rooms,
          hellmonk_ecumenical_altar_defaced_shrine
D:2:      layout_loops_ring, uniq_sigmund
D:3:      layout_rooms, uniq_robin
D:4:      layout_cave_pools, lemuel_crystal_altar, portal_sewer_entry_e,
          minmay_misc_feat_square
D:5:      minmay_razor_zed, layout_basic
D:6:      layout_loops_ring, nicolae_uskayaw_dance_studio, serial_shops, shop,
          nicolae_inconvenience_store, shop, nicolae_shop_statue_plus,
          nicolae_stop_n_shop_2, chequers_serial_rivers_micro_c,
          kennysheep_generic_room_5
D:7:      layout_basic, overflow_temple_1_default, temple_hall,
          minmay_the_grid_2x2 [minmay_the_grid_embedded,
          minmay_the_grid_square_x, minmay_the_grid_garden,
          minmay_the_grid_prize_big_room], uniq_crazy_yiuf_cottage, uniq_maggie,
          uniq_pikel, uniq_duvessa
D:8:      cheibrodos_iron_armory, layout_basic, uniq_harold, uniq_maurice
D:9:      kennysheep_ambush_hall, layout_long_grid
D:10:     layout_roguey, old_standard_altar, mainiacjoe_overflow_catwalk_spiral,
          dpeg_oklobed_lair, serial_rivers, chequers_serial_rivers_room_b,
          chequers_serial_rivers_room_b, chequers_serial_rivers_small_b,
          chequers_serial_rivers_micro_d, lightli_church_of_beogh,
          uniq_josephine, uniq_erica, uniq_psyche
D:11:     layout_irregular_city, portal_ice_cave_entry_imps,
          maelrawn_ghost_gauntlet_escape, nicolae_lava_and_water
D:12:     layout_roguey, david_orc_2, nicolae_benzene_ring, uniq_sonja
D:13:     layout_roguey, uniq_azrael
D:14:     minmay_bloctagon_deflated, layout_irregular_city,
          lightli_vaults_fourway_checkpoint, hangedman_abyss_or_decor_slice,
          st_stairs_5, uniq_roxanne
D:15:     gammafunk_enter_depths_forms, layout_cave_pools
Temple:   eino_temple_rhombus
Lair:1:   layout_small_grid, serial_bayou_lagoon_b
Lair:2:   layout_cave_pods, swamp_mist, ebering_ghost_funeral_grove,
          roderic_carrion_pond, serial_bayou_shore_a, grunt_megastairs_3
Lair:3:   layout_small_grid, gauntlet_entry_generic, fungi_pond_lemuel
Lair:4:   layout_long_grid, minmay_snake_entry_guardpost_small, special_room
          [special_room_mythical_zoo], minivault_26, uniq_urug
Lair:5:   layout_gridlike, slime_altar_1, gammafunk_ghost_wrathful_warriors,
          minmay_lindwurm_lava
Lair:6:   hellmonk_lair_end_abyssal_woods, layout_cave_pods, dpeg_oklob_1,
          lemuel_fruit_fields, grunt_megastairs_5, lemuel_fruit_tree
Swamp:1:  layout_falls_marsh, evilmike_swamp_ruin_house_2, swamp_pool3,
          uniq_louise
Swamp:2:  nzn_winding_woodlands_cross [nzn_winding_woodlands_5x15_split_checker,
          nzn_winding_woodlands_5x15_pockets, nzn_winding_woodlands_5x15_twine,
          nzn_winding_woodlands_5x15_crooked,
          nzn_winding_woodlands_15x15_thick_spiral], layout_basic_swamp,
          infiniplex_staircase_pool, swamp_pool5, uniq_frances
Swamp:3:  layout_falls_marsh, evilmike_swamp_ruin_house_1, swamp_pool5,
          uniq_mara
Swamp:4:  swamp_vile, layout_basic_swamp, gammafunk_ghost_mausoleum,
          swamp_pool1, uniq_kirke
Snake:1:  layout_grid_shapes, uniq_asterion, uniq_jorgrun, uniq_donald
Snake:2:  layout_misc_corridors, serial_bayou_shore_b, minmay_shop_star
Snake:3:  layout_basic
Snake:4:  minmay_snake_end_coiled, layout_cave_town
Slime:1:  layout_caves
Slime:2:  layout_caves
Slime:3:  layout_caves
Slime:4:  layout_caves
Slime:5
Orc:1:    layout_diamond_mine, basic_altar
Orc:2:    st_orc_town, layout_caves
Elf:1:    eino_elf_arrival_shootout, layout_loops_ring, serial_shops,
          bzr_in_the_mist, minmay_elf_demonology, drop_trap, minmay_shop_grove
Elf:2:    nicolae_elf_blades_crystal_corner, layout_geoelf_grid, serial_shops,
          nicolae_diamond_shop, minivault_23, grunt_megastairs_4
Elf:3:    minmay_elf_hall_hex, layout_geoelf_octagon, serial_shops,
          nicolae_lakefront_shop, st_stairs_5, minmay_misc_feat_diagonals
Vaults:1: v_misc_15, vaults_dpeg_cross, grunt_vaults_twisty,
          hangedman_vaults_corner, nicolae_vaults_twisting_passages,
          dpeg_vaults_waves, vaults_mumra_chevron,
          nicolae_vaults_hallways_thing, ontoclasm_vaults_gateway,
          vaults_room_door_ring, v_misc_1, vaults_mumra_minichess,
          nicolae_vaults_little_squares_4, vaults_room_pools,
          layout_vaults_omnicross, serial_shops, shop
Vaults:2: v_misc_12, minmay_crypt_entry_necro_gods, ontoclasm_vaults_idyll,
          v_misc_18, grunt_vaults_hallway_long, vaults_standard_mumra_x,
          ontoclasm_vaults_ring_square, nicolae_vaults_three_branches,
          dpeg_vaults_monster_box, layout_vaults_big_room
Vaults:3: portal_desolation_entry_nicolae_nacl, v_misc_15,
          nicolae_vaults_little_ls, v_misc_5, nicolae_vaults_big_ls, v_misc_30,
          hangedman_vaults_snaps, grunt_vaults_hallway_short,
          nicolae_vaults_disjoint_gnomons, nicolae_vaults_asterisk,
          layout_vaults_omnigrid
Vaults:4: vaults_room_large_hall, nicolae_vaults_network_star,
          nicolae_vaults_holding_cells, nicolae_vaults_network_barrier,
          vaults_room_octagon, vaults_dpeg_diagonal, v_misc_11,
          nicolae_vaults_back_hallway, v_misc_29, v_misc_4, vaults_dpeg_doors,
          v_misc_17, v_rooms_4, layout_vaults_maze_bifur, serial_shops,
          shop_statue, shop, nicolae_shop_stone, shop
Vaults:5
Crypt:1:  layout_chaotic_city, ebering_dispersal_statue_hall
Crypt:2:  layout_chaotic_city, st_stairs_11
Crypt:3:  cryptofortress_bobbens
Depths:1: evilmike_lava_path, layout_cave_pools, serial_shops, shop, shop,
          nicolae_diamond_shop, kennysheep_mini, shop, hell_entry,
          grunt_gozag_breadcrumbs, serial_bayou_shore_b
Depths:2: cross_vault, layout_gridlike, serial_bayou_lagoon_a,
          hangedman_tar_grid_catacomb, pan_entry, roderic_serpentine_path,
          onia_ninara_dug_in_and_dangerous, uniq_aizul, uniq_saint_roka
Depths:3: kennysheep_green_arena, layout_small_grid, enter_ziggurat_e,
          grunt_mini_vestibule, pdpol_wu_jian_five_deadly_venoms,
          nicolae_abyss_entry_one_way_or_another, door_vault, uniq_enchantress,
          uniq_sojobo, uniq_jory
Depths:4: grunt_zot_entry_gee_three, layout_gridville, roderic_roman_lattice,
          hell_entry, chequers_serial_rivers_micro_c,
          minmay_misc_feat_more_columns, serial_bayou_shore_b
Hell
Zot:1:    layout_basic
Zot:2:    layout_onion_interference
Zot:3:    layout_concentric_octagons, guppyfry_library_mini
Zot:4:    lemuel_firehouse, layout_cathedral_of_symmetry,
          st_single_dragon_hoard_3, grunt_ministairs_4
Zot:5:    layout_twisted_circle, gammafunk_ghost_ooze

Skill      XL: |  1  2  3  4  5  6  7  8  9 10 11 12 13 14 15 16 17 18 19 20 21 22 23 24 25 26 27 |
---------------+----------------------------------------------------------------------------------+-----
Earth Magic    | 4 5 6 8 9 10 11 12 14 16 17 18 19 23 | 23.1
Fighting       | 1 2 3 4 5 6 7 8 9 10 11 12 13 14 15 17 19 20 21 22 23 26 | 26.5
Armour         | 1 2 3 4 5 6 7 8 9 11 12 13 15 16 17 18 22 | 22.3
Conjurations   | 1 2 3 4 5 7 8 9 10 11 12 13 14 15 16 17 20 | 20.6
Spellcasting   | 3 4 5 6 7 8 9 10 11 12 13 14 15 16 18 21 | 21.4
Polearms       | 1 2 3 4 5 6 7 8 9 10 11 13 14 | 14.0
Invocations    | 1 4 6 7 8 9 11 12 14 15 17 | 17.5
Shields        | 2 5 8 10 12 14 15 | 15.0
Dodging        | 2 4 5 6 7 8 10 | 10.0
Poison Magic   | 2 4 5 6 |  6.5
Air Magic      | 2 |  2.5
Ice Magic      | 3 4 |  4.0
Stealth        | |  2.1
Transmutations | |  0.7

Action                   |  1- 3 |  4- 6 |  7- 9 | 10-12 | 13-15 | 16-18 | 19-21 | 22-24 | 25-27 || total
-------------------------+-------+-------+-------+-------+-------+-------+-------+-------+-------++-------
Melee: Unarmed           |     2 |       |       |       |       |       |       |       |       ||     2
       Dagger            |    14 |    15 |       |       |       |       |       |       |       ||    29
       Spear             |       |   219 |   381 |   893 |    52 |       |       |       |       ||  1545
       Trident           |       |       |       |       |   980 |   811 |  1549 |   286 |       ||  3626
       Trishula          |       |       |       |       |       |       |   180 |  1729 |  4078 ||  5987
       Headbutt          |       |       |       |       |       |       |       |       |   176 ||   176
Throw: Dart              |       |     9 |    37 |    31 |       |    10 |     1 |       |       ||    88
 Cast: Sandblast         |    35 |    50 |    76 |    42 |    56 |       |       |       |       ||   259
       Stone Arrow       |       |       |     4 |   139 |   343 |   247 |   333 |    72 |    47 ||  1185
       Lee's Rapid Decon |       |       |       |       |       |    16 |    52 |    63 |   180 ||   311
       Mephitic Cloud    |       |       |       |       |       |     5 |    33 |    44 |     8 ||    90
       Iron Shot         |       |       |       |       |       |       |     7 |    25 |   143 ||   175
       Shock             |       |       |       |       |       |       |    14 |     6 |     3 ||    23
       Animate Armour    |       |       |       |       |       |       |     6 |     6 |       ||    12
       Leda's Liquefacti |       |       |       |       |       |       |     3 |     1 |     1 ||     5
       Poisonous Vapours |       |       |       |       |       |       |    22 |   152 |    41 ||   215
       Olgreb's Toxic Ra |       |       |       |       |       |       |       |    26 |   232 ||   258
       Passwall          |       |       |       |       |       |       |       |     2 |     7 ||     9
       Frozen Ramparts   |       |       |       |       |       |       |       |       |    37 ||    37
       Hailstorm         |       |       |       |       |       |       |       |       |    13 ||    13
Invok: Cleansing Flame   |       |       |       |       |       |     2 |     1 |     7 |     9 ||    19
       Summon Divine War |       |       |       |       |       |     1 |     2 |     1 |     4 ||     8
       Brand Weapon With |       |       |       |       |       |       |     1 |       |       ||     1
Evoke: Wand              |       |       |       |    17 |     2 |     1 |       |     1 |     1 ||    22
       Phantom mirror    |       |       |       |       |       |       |       |     1 |       ||     1
  Use: Scroll            |       |     9 |     5 |    11 |     8 |     3 |     6 |     5 |    18 ||    65
       Potion            |       |       |     2 |       |     1 |     3 |       |     2 |    15 ||    23
 Stab: Sleeping          |       |     4 |     2 |       |       |       |       |       |       ||     6
       Distracted        |       |     1 |       |     1 |       |       |       |       |       ||     2
       Invisible         |       |       |     1 |       |       |       |       |       |       ||     1
Armor: Robe              |     8 |    96 |    70 |       |       |       |       |       |       ||   174
       Chain mail        |       |       |   151 |   636 |   488 |   317 |   466 |   570 |  1473 ||  4101
Dodge: Dodged            |    11 |   171 |   168 |   243 |   195 |   127 |   255 |   327 |  1005 ||  2502
Block: Other             |       |       |       |   118 |       |       |       |       |       ||   118
       Reflection        |       |       |       |    11 |    23 |    51 |   137 |    59 |   104 ||   385
       Kite shield       |       |       |       |   121 |   732 |   598 |   963 |  1195 |  3017 ||  6626

Table legend: (Time is in decaauts)
 A = Elapsed time spent in this place.
 B = Non-inter-level travel time spent in this place.
 C = Inter-level travel time spent in this place.
 D = Time resting spent in this place.
 E = Time spent auto-exploring this place.
 F = Levels seen in this place.
 G = Mean time per level.
                   A        B        C        D        E       F      G
               +--------+--------+--------+--------+--------+-----+--------+
         Total | 146934 | 130107 |  16827 |  55041 |  43368 |  67 | 2193.0 |
       Dungeon |  28868 |  22506 |   6362 |   6625 |   9960 |  15 | 1924.5 |
        Temple |    253 |    190 |     63 |      0 |    171 |   1 |  253.0 |
          Lair |  13127 |  11338 |   1789 |   3221 |   6003 |   6 | 2187.8 |
         Swamp |   9469 |   9090 |    379 |   4845 |   2591 |   4 | 2367.2 |
     Snake Pit |   7127 |   6611 |    516 |   2500 |   1923 |   4 | 1781.8 |
    Slime Pits |   2816 |   2750 |     66 |   1891 |    134 |   5 |  563.2 |
  Orcish Mines |   2747 |   2352 |    395 |    559 |   1066 |   2 | 1373.5 |
   Elven Halls |   6519 |   6005 |    514 |   2448 |   1793 |   3 | 2173.0 |
        Vaults |  21058 |  18088 |   2970 |   7840 |   6093 |   5 | 4211.6 |
         Crypt |   3859 |   3596 |    263 |    793 |   1277 |   3 | 1286.3 |
        Depths |  16410 |  14500 |   1910 |   6195 |   5578 |   4 | 4102.5 |
          Hell |   1076 |   1055 |     21 |    525 |    309 |   1 | 1076.0 |
           Zot |  24951 |  23375 |   1576 |  14435 |   4811 |   5 | 4990.2 |
         Abyss |   1735 |   1735 |      0 |    242 |    535 |   4 |  433.8 |
        Bazaar |    126 |    126 |      0 |      0 |     46 |   1 |  126.0 |
         Sewer |    829 |    829 |      0 |     21 |    363 |   1 |  829.0 |
      Ice Cave |   2340 |   2340 |      0 |   1183 |     75 |   1 | 2340.0 |
    Desolation |   2736 |   2736 |      0 |   1542 |    355 |   1 | 2736.0 |
      Gauntlet |    877 |    877 |      0 |    174 |    284 |   1 |  877.0 |
               +--------+--------+--------+--------+--------+-----+--------+

Top non-repeatable levels by time:
   Zot:5: 12360 daAuts
Vaults:4: 9250 daAuts
Depths:2: 5276 daAuts
Vaults:1: 4140 daAuts
Depths:3: 4050 daAuts
   Zot:4: 3994 daAuts
   Elf:3: 3706 daAuts
Depths:4: 3547 daAuts
Depths:1: 3535 daAuts
 Swamp:2: 3423 daAuts
Vaults:2: 3239 daAuts
   Zot:2: 3175 daAuts
  Lair:6: 2982 daAuts
    D:14: 2946 daAuts
  Lair:4: 2908 daAuts
